2976 views
Uploaded 2020-03-15 23:10:02
Game version 1.32.2
18:09 long 3on3 ladder game on (6)Monsoon_LV
Saved by BEARAND
2976 views
Uploaded 2020-03-15 23:10:02
Game version 1.32.2
18:09 long 3on3 ladder game on (6)Monsoon_LV


58 units @ 6.4k
/ 0.4k
154 buildings @ 10.6k
/ 4.5k



| Scroll of Regeneration | 2 | 200 |
| Potion of Healing | 4 | 600 |
| Staff of Sanctuary | 2 | 500 |
| Scroll of Town Portal | 1 | 350 |
| Boots of Speed | 2 | 500 |
| Potion of Lesser Invulnerability | 1 | 150 |
| Staff of Teleportation | 2 | 300 |
| Periapt of Vitality | 1 | 325 |
| Orb of Corruption | 1 | 375 |
| total: | 16 | 3300g |
| Peasant | 18 | 1350 | / | 0 |
| Priest | 1 | 135 | / | 10 |
| Dragonhawk Rider | 4 | 800 | / | 120 |
| total: | 23 | 2285g | / | 130w |
| Scout Tower | 105 | 3150 | / | 2100 |
| Arcane Tower | 6 | 420 | / | 300 |
| Guard Tower | 58 | 4060 | / | 2900 |
| Altar of Kings | 1 | 180 | / | 50 |
| Farm | 5 | 400 | / | 100 |
| Lumber Mill | 1 | 120 | / | 0 |
| Arcane Vault | 4 | 520 | / | 120 |
| Town Hall | 1 | 385 | / | 205 |
| Blacksmith | 1 | 140 | / | 60 |
| Barracks | 1 | 160 | / | 60 |
| Arcane Sanctum | 1 | 150 | / | 140 |
| Gryphon Aviary | 1 | 140 | / | 150 |
| Keep | 1 | 320 | / | 210 |
| Castle | 2 | 720 | / | 420 |
| total: | 121 | 5345g | / | 2985w |
| 0:01 | Peasant |
| 0:01 | Peasant |
| 0:09 | Altar of Kings |
| 0:17 | Farm |
| 0:19 | Peasant |
| 0:32 | Lumber Mill |
| 0:41 | Peasant |
| 0:54 | Peasant |
| 1:07 | Peasant |
| 1:22 | Farm |
| 1:23 | Peasant |
| 1:29 | Scout Tower |
| 1:35 | Scout Tower |
| 1:38 | Scout Tower |
| 1:45 | Scout Tower |
| 1:48 | Peasant |
| 1:48 | Peasant |
| 1:50 | Peasant |
| 1:53 | Scout Tower |
| 1:54 | Scout Tower |
| 1:56 | Arcane Tower |
| 1:57 | Scout Tower |
| 2:07 | Arcane Tower |
| 2:09 | Blizzard |
| 2:12 | Arcane Tower |
| 2:16 | Peasant |
| 2:22 | Guard Tower |
| 2:23 | Scout Tower |
| 2:24 | Scout Tower |
| 2:27 | Scout Tower |
| 2:31 | Scout Tower |
| 2:32 | Guard Tower |
| 2:34 | Peasant |
| 2:41 | Guard Tower |
| 2:44 | Scout Tower |
| 2:45 | Scout Tower |
| 2:45 | Scout Tower |
| 2:47 | Scout Tower |
| 2:47 | Scout Tower |
| 2:48 | Scout Tower |
| 2:59 | Guard Tower |
| 3:24 | Guard Tower |
| 3:40 | Guard Tower |
| 3:45 | Guard Tower |
| 3:54 | Guard Tower |
| 3:56 | Scout Tower |
| 3:58 | Guard Tower |
| 4:02 | Scout Tower |
| 4:03 | Scout Tower |
| 4:09 | Peasant |
| 4:09 | Peasant |
| 4:12 | Keep |
| 4:14 | Improved Masonry |
| 4:16 | Farm |
| 4:24 | Guard Tower |
| 4:25 | Scout Tower |
| 4:26 | Scout Tower |
| 4:28 | Guard Tower |
| 4:30 | Scout Tower |
| 4:30 | Scout Tower |
| 4:31 | Scout Tower |
| 4:31 | Scout Tower |
| 4:39 | Guard Tower |
| 4:40 | Guard Tower |
| 4:43 | Scout Tower |
| 4:43 | Scout Tower |
| 4:50 | Scout Tower |
| 4:51 | Scout Tower |
| 5:02 | Arcane Vault |
| 5:03 | Guard Tower |
| 5:11 | Guard Tower |
| 5:19 | Scout Tower |
| 5:21 | Scout Tower |
| 5:32 | Scout Tower |
| 5:46 | Guard Tower |
| 5:49 | Scout Tower |
| 5:51 | Scout Tower |
| 5:53 | Guard Tower |
| 5:57 | Scout Tower |
| 5:57 | Scout Tower |
| 6:00 | Scout Tower |
| 6:00 | Scout Tower |
| 6:03 | Scroll of Regeneration |
| 6:27 | Guard Tower |
| 6:37 | Arcane Tower |
| 6:37 | Guard Tower |
| 6:43 | Brilliance Aura |
| 7:02 | Potion of Healing |
| 7:12 | Guard Tower |
| 7:14 | Scout Tower |
| 7:14 | Scout Tower |
| 7:15 | Scout Tower |
| 7:16 | Scout Tower |
| 7:22 | Arcane Sanctum |
| 7:23 | Advanced Masonry |
| 7:35 | Storm Bolt |
| 7:41 | Town Hall |
| 7:44 | Scout Tower |
| 7:45 | Scout Tower |
| 8:22 | Peasant |
| 8:23 | Peasant |
| 8:23 | Peasant |
| 8:29 | Guard Tower |
| 8:29 | Guard Tower |
| 8:30 | Guard Tower |
| 8:41 | Arcane Tower |
| 8:42 | Guard Tower |
| 8:46 | Magic Sentry |
| 8:51 | Guard Tower |
| 8:53 | Guard Tower |
| 9:01 | Scout Tower |
| 9:01 | Scout Tower |
| 9:19 | Scout Tower |
| 9:20 | Scout Tower |
| 9:21 | Arcane Vault |
| 9:31 | Blizzard |
| 9:44 | Boots of Speed |
| 9:58 | Scroll of Town Portal |
| 10:08 | Potion of Lesser Invulnerability |
| 10:16 | Guard Tower |
| 10:20 | Bash |
| 10:25 | Castle |
| 10:33 | Guard Tower |
| 10:33 | Guard Tower |
| 10:41 | Arcane Vault |
| 10:45 | Guard Tower |
| 10:46 | Guard Tower |
| 10:46 | Guard Tower |
| 10:49 | Scout Tower |
| 10:50 | Scout Tower |
| 10:51 | Scout Tower |
| 10:53 | Scout Tower |
| 10:54 | Scout Tower |
| 10:54 | Scout Tower |
| 11:03 | Priest |
| 11:04 | Priest Adept Training |
| 11:05 | Improved Lumber Harvesting |
| 11:12 | Scout Tower |
| 11:13 | Scout Tower |
| 11:14 | Scout Tower |
| 11:15 | Scout Tower |
| 11:15 | Scout Tower |
| 11:16 | Scout Tower |
| 11:16 | Scout Tower |
| 11:17 | Scout Tower |
| 11:17 | Scout Tower |
| 11:19 | Guard Tower |
| 11:22 | Gryphon Aviary |
| 11:23 | Blacksmith |
| 11:25 | Barracks |
| 11:27 | Farm |
| 11:27 | Farm |
| 11:34 | Scroll of Regeneration |
| 11:40 | Scout Tower |
| 11:41 | Scout Tower |
| 11:41 | Scout Tower |
| 11:42 | Scout Tower |
| 11:46 | Guard Tower |
| 11:48 | Guard Tower |
| 11:50 | Potion of Healing |
| 11:52 | Guard Tower |
| 11:56 | Arcane Vault |
| 12:18 | Potion of Healing |
| 12:30 | Staff of Teleportation |
| 12:31 | Periapt of Vitality |
| 12:35 | Guard Tower |
| 13:19 | Guard Tower |
| 13:21 | Imbued Masonry |
| 13:33 | Peasant |
| 13:39 | Guard Tower |
| 13:41 | Scout Tower |
| 13:41 | Scout Tower |
| 13:53 | Dragonhawk Rider |
| 13:55 | Dragonhawk Rider |
| 14:02 | Staff of Teleportation |
| 14:06 | Orb of Corruption |
| 14:12 | Scout Tower |
| 14:12 | Scout Tower |
| 14:12 | Scout Tower |
| 14:16 | Guard Tower |
| 14:19 | Holy Light |
| 14:19 | Staff of Sanctuary |
| 14:29 | Staff of Sanctuary |
| 15:46 | Guard Tower |
| 16:27 | Animal War Training |
| 16:32 | Dragonhawk Rider |
| 16:32 | Dragonhawk Rider |
| 16:33 | Iron Forged Swords |
| 16:33 | Studded Leather Armor |
| 16:58 | Scout Tower |
| 16:58 | Scout Tower |
| 16:59 | Scout Tower |
| 17:00 | Scout Tower |
| 17:02 | Guard Tower |
| 17:04 | Scout Tower |
| 17:04 | Scout Tower |
| 17:04 | Scout Tower |
| 17:05 | Scout Tower |
| 17:06 | Scout Tower |
| 17:06 | Scout Tower |
| 17:06 | Scout Tower |
| 17:07 | Scout Tower |
| 17:08 | Scout Tower |
| 17:08 | Scout Tower |
| 17:09 | Scout Tower |
| 17:09 | Scout Tower |
| 17:10 | Scout Tower |
| 17:10 | Scout Tower |
| 17:11 | Scout Tower |
| 17:11 | Scout Tower |
| 17:12 | Scout Tower |
| 17:13 | Scout Tower |
| 17:13 | Scout Tower |
| 17:13 | Scout Tower |
| 17:14 | Guard Tower |
| 17:16 | Scout Tower |
| 17:16 | Scout Tower |
| 17:17 | Scout Tower |
| 17:17 | Scout Tower |
| 17:18 | Scout Tower |
| 17:18 | Scout Tower |
| 17:19 | Scout Tower |
| 17:19 | Scout Tower |
| 17:21 | Boots of Speed |
| 17:43 | Potion of Healing |
| Right click | 1660 |
| Select | 636 |
| Build/train/purchase | 290 |
| Select group | 197 |
| Chat | 96 |
| Use ability | 42 |
| Misc. action | 13 |
| Assign group | 12 |
| Item give/drop | 11 |
| Remove unit | 2 |
| Minimap ping | 1 |



| Orb of Corruption | 3 | 1125 |
| Boots of Speed | 3 | 750 |
| Staff of Teleportation | 3 | 450 |
| Staff of Sanctuary | 2 | 500 |
| total: | 11 | 2825g |
| Acolyte | 7 | 525 | / | 0 |
| Ghoul | 4 | 480 | / | 0 |
| Obsidian Statue | 3 | 600 | / | 105 |
| total: | 14 | 1605g | / | 105w |
| Nerubian Tower | 3 | 300 | / | 60 |
| Spirit Tower | 2 | 290 | / | 80 |
| Crypt | 1 | 200 | / | 50 |
| Altar of Darkness | 1 | 180 | / | 50 |
| Ziggurat | 11 | 1650 | / | 550 |
| Necropolis | 2 | 450 | / | 0 |
| Graveyard | 1 | 215 | / | 0 |
| Tomb of Relics | 5 | 650 | / | 150 |
| Slaughterhouse | 1 | 140 | / | 135 |
| Halls of the Dead | 1 | 320 | / | 210 |
| Black Citadel | 2 | 650 | / | 460 |
| total: | 22 | 3485g | / | 935w |
| 0:05 | Acolyte |
| 0:12 | Crypt |
| 0:14 | Altar of Darkness |
| 0:20 | Acolyte |
| 0:36 | Ziggurat |
| 1:14 | Ghoul |
| 1:39 | Necropolis |
| 1:44 | Nerubian Tower |
| 1:45 | Ghoul |
| 2:00 | Ghoul |
| 2:13 | Ghoul |
| 2:24 | Death Coil |
| 2:51 | Graveyard |
| 3:41 | Halls of the Dead |
| 5:07 | Ziggurat |
| 5:37 | Boots of Speed |
| 5:37 | Staff of Teleportation |
| 5:54 | Tomb of Relics |
| 5:55 | Tomb of Relics |
| 6:07 | Black Citadel |
| 6:30 | Spirit Tower |
| 6:44 | Acolyte |
| 6:49 | Unholy Aura |
| 7:09 | Frost Nova |
| 7:56 | Acolyte |
| 7:56 | Acolyte |
| 7:56 | Acolyte |
| 7:57 | Acolyte |
| 8:02 | Slaughterhouse |
| 8:10 | Tomb of Relics |
| 8:32 | Frost Armor |
| 9:01 | Tomb of Relics |
| 9:03 | Tomb of Relics |
| 9:31 | Obsidian Statue |
| 9:32 | Obsidian Statue |
| 10:15 | Ziggurat |
| 10:31 | Death Coil |
| 11:11 | Staff of Teleportation |
| 11:11 | Boots of Speed |
| 11:16 | Obsidian Statue |
| 11:18 | Nerubian Tower |
| 11:23 | Orb of Corruption |
| 11:31 | Carrion Swarm |
| 11:46 | Ziggurat |
| 11:47 | Ziggurat |
| 12:56 | Nerubian Tower |
| 13:02 | Staff of Sanctuary |
| 13:04 | Orb of Corruption |
| 13:08 | Orb of Corruption |
| 13:33 | Ziggurat |
| 13:35 | Ziggurat |
| 13:36 | Ziggurat |
| 13:42 | Ziggurat |
| 13:44 | Ziggurat |
| 13:46 | Ziggurat |
| 15:05 | Spirit Tower |
| 15:48 | Staff of Sanctuary |
| 16:21 | Frost Nova |
| 16:28 | Boots of Speed |
| 16:28 | Staff of Teleportation |
| 17:10 | Necropolis |
| 17:47 | Sleep |
| Right click | 1145 |
| Select group | 826 |
| Select | 163 |
| Build/train/purchase | 85 |
| Use ability | 61 |
| Resource trade | 54 |
| Misc. action | 35 |
| Minimap ping | 18 |
| Chat | 11 |
| Assign group | 10 |
| Item give/drop | 7 |
| Esc | 2 |



| Rod of Necromancy | 1 | 150 |
| Ritual Dagger | 1 | 125 |
| Sacrificial Skull | 2 | 100 |
| Orb of Corruption | 4 | 1500 |
| Boots of Speed | 3 | 750 |
| Staff of Teleportation | 3 | 450 |
| Potion of Invisibility | 1 | 100 |
| Staff of Sanctuary | 1 | 250 |
| total: | 16 | 3425g |
| Acolyte | 7 | 525 | / | 0 |
| Ghoul | 10 | 1200 | / | 0 |
| Obsidian Statue | 4 | 800 | / | 140 |
| total: | 21 | 2525g | / | 140w |
| Nerubian Tower | 3 | 300 | / | 60 |
| Spirit Tower | 2 | 290 | / | 80 |
| Crypt | 1 | 200 | / | 50 |
| Altar of Darkness | 1 | 180 | / | 50 |
| Ziggurat | 5 | 750 | / | 250 |
| Graveyard | 1 | 215 | / | 0 |
| Tomb of Relics | 2 | 260 | / | 60 |
| Slaughterhouse | 1 | 140 | / | 135 |
| Halls of the Dead | 1 | 320 | / | 210 |
| Black Citadel | 1 | 325 | / | 230 |
| total: | 11 | 1745g | / | 545w |
| 0:01 | Acolyte |
| 0:09 | Acolyte |
| 0:14 | Crypt |
| 0:27 | Altar of Darkness |
| 0:32 | Ziggurat |
| 1:15 | Graveyard |
| 1:16 | Ghoul |
| 1:28 | Ziggurat |
| 1:43 | Ghoul |
| 1:43 | Ghoul |
| 1:58 | Ghoul |
| 2:09 | Ghoul |
| 2:22 | Ghoul |
| 2:28 | Nerubian Tower |
| 2:30 | Death Coil |
| 2:36 | Acolyte |
| 2:52 | Ghoul |
| 3:13 | Acolyte |
| 4:05 | Halls of the Dead |
| 4:06 | Ghoul |
| 4:45 | Tomb of Relics |
| 4:50 | Ziggurat |
| 5:39 | Boots of Speed |
| 5:39 | Staff of Teleportation |
| 5:50 | Rod of Necromancy |
| 5:52 | Ritual Dagger |
| 5:55 | Sacrificial Skull |
| 5:55 | Sacrificial Skull |
| 6:18 | Unholy Aura |
| 6:32 | Ghoul |
| 7:26 | Black Citadel |
| 7:37 | Death Coil |
| 7:51 | Frost Nova |
| 8:53 | Tomb of Relics |
| 8:56 | Ziggurat |
| 8:59 | Spirit Tower |
| 9:17 | Ghoul |
| 9:38 | Boots of Speed |
| 9:38 | Staff of Teleportation |
| 10:11 | Acolyte |
| 10:12 | Acolyte |
| 10:21 | Ghoul Frenzy |
| 10:45 | Nerubian Tower |
| 10:50 | Acolyte |
| 11:11 | Impale |
| 11:20 | Slaughterhouse |
| 11:21 | Spirit Tower |
| 11:25 | Ziggurat |
| 11:32 | Orb of Corruption |
| 11:33 | Orb of Corruption |
| 11:58 | Orb of Corruption |
| 12:21 | Frost Armor |
| 12:36 | Boots of Speed |
| 13:56 | Obsidian Statue |
| 13:56 | Obsidian Statue |
| 14:33 | Staff of Teleportation |
| 14:41 | Orb of Corruption |
| 14:46 | Potion of Invisibility |
| 15:37 | Obsidian Statue |
| 15:54 | Unholy Aura |
| 16:27 | Obsidian Statue |
| 17:09 | Staff of Sanctuary |
| Right click | 1037 |
| Select group | 456 |
| Assign group | 445 |
| Select | 220 |
| Build/train/purchase | 187 |
| Chat | 103 |
| Resource trade | 82 |
| Use ability | 59 |
| Misc. action | 8 |
| Item give/drop | 6 |
| Minimap ping | 3 |
| Remove unit | 2 |
118 units @ 17.7k
/ 2.5k
39 buildings @ 6.3k
/ 2.6k


| Rod of Necromancy | 3 | 450 |
| Potion of Healing | 2 | 300 |
| Potion of Mana | 2 | 400 |
| total: | 7 | 1150g |
| Acolyte | 9 | 675 | / | 0 |
| Ghoul | 6 | 720 | / | 0 |
| Crypt Fiend | 7 | 1505 | / | 280 |
| Obsidian Statue | 2 | 400 | / | 70 |
| total: | 24 | 3300g | / | 350w |
| Nerubian Tower | 1 | 100 | / | 20 |
| Ziggurat | 5 | 750 | / | 250 |
| Crypt | 1 | 200 | / | 50 |
| Altar of Darkness | 1 | 180 | / | 50 |
| Graveyard | 1 | 215 | / | 0 |
| Tomb of Relics | 1 | 130 | / | 30 |
| Slaughterhouse | 1 | 140 | / | 135 |
| Halls of the Dead | 2 | 640 | / | 420 |
| Black Citadel | 1 | 325 | / | 230 |
| total: | 10 | 1615g | / | 515w |
| 0:02 | Acolyte |
| 0:02 | Acolyte |
| 0:21 | Ziggurat |
| 0:34 | Crypt |
| 0:41 | Altar of Darkness |
| 0:56 | Graveyard |
| 1:15 | Tomb of Relics |
| 1:24 | Nerubian Tower |
| 1:36 | Ghoul |
| 1:48 | Ziggurat |
| 2:18 | Crypt Fiend |
| 2:31 | Crypt Fiend |
| 2:42 | Death Coil |
| 2:46 | Rod of Necromancy |
| 3:09 | Crypt Fiend |
| 3:34 | Crypt Fiend |
| 3:58 | Crypt Fiend |
| 4:20 | Crypt Fiend |
| 4:25 | Unholy Aura |
| 4:39 | Rod of Necromancy |
| 4:42 | Halls of the Dead |
| 5:12 | Ziggurat |
| 5:14 | Creature Carapace |
| 6:01 | Ziggurat |
| 6:04 | Ghoul |
| 6:04 | Ghoul |
| 6:21 | Death Coil |
| 6:58 | Crypt Fiend |
| 7:28 | Web |
| 7:37 | Slaughterhouse |
| 8:07 | Ghoul |
| 8:07 | Ghoul |
| 8:08 | Ghoul |
| 8:36 | Frost Nova |
| 8:39 | Obsidian Statue |
| 8:41 | Obsidian Statue |
| 8:42 | Ziggurat |
| 8:44 | Acolyte |
| 8:46 | Death Pact |
| 9:36 | Potion of Healing |
| 9:38 | Potion of Mana |
| 9:39 | Potion of Healing |
| 9:48 | Rod of Necromancy |
| 9:57 | Potion of Mana |
| 10:19 | Acolyte |
| 10:19 | Acolyte |
| 10:41 | Acolyte |
| 10:41 | Acolyte |
| 10:41 | Acolyte |
| 10:44 | Acolyte |
| 11:35 | Black Citadel |
| Right click | 616 |
| Select group | 273 |
| Select | 168 |
| Misc. action | 121 |
| Build/train/purchase | 70 |
| Chat | 46 |
| Assign group | 37 |
| Use ability | 22 |
| Minimap ping | 20 |
| Item give/drop | 6 |
| Esc | 3 |



| Peon | 8 | 600 | / | 0 |
| Grunt | 11 | 2200 | / | 0 |
| Troll Headhunter | 2 | 280 | / | 40 |
| Demolisher | 7 | 1540 | / | 350 |
| Raider | 6 | 1080 | / | 240 |
| total: | 34 | 5700g | / | 630w |
| Watch Tower | 3 | 330 | / | 240 |
| Orc Burrow | 5 | 800 | / | 200 |
| Altar of Storms | 1 | 180 | / | 50 |
| Barracks | 1 | 180 | / | 50 |
| War Mill | 1 | 205 | / | 0 |
| Beastiary | 1 | 145 | / | 140 |
| Stronghold | 1 | 315 | / | 190 |
| Fortress | 1 | 325 | / | 190 |
| total: | 12 | 1840g | / | 680w |
| 0:05 | Orc Burrow |
| 0:07 | Peon |
| 0:07 | Peon |
| 0:13 | Altar of Storms |
| 0:35 | Peon |
| 0:57 | Peon |
| 1:04 | Barracks |
| 1:22 | War Mill |
| 1:24 | Peon |
| 1:24 | Peon |
| 1:54 | Peon |
| 2:13 | Orc Burrow |
| 2:15 | Grunt |
| 2:37 | Steel Melee Weapons |
| 2:45 | Feral Spirit |
| 3:22 | Watch Tower |
| 3:26 | Peon |
| 3:52 | Grunt |
| 4:02 | Watch Tower |
| 4:04 | Stronghold |
| 4:36 | Grunt |
| 4:37 | Grunt |
| 4:43 | Orc Burrow |
| 4:48 | Steel Ranged Weapons |
| 4:55 | Chain Lighting |
| 5:24 | Grunt |
| 5:27 | Steel Armor |
| 5:39 | Orc Burrow |
| 5:50 | Watch Tower |
| 6:00 | Troll Headhunter |
| 6:34 | Grunt |
| 6:36 | Berserker Strength |
| 7:26 | Feral Spirit |
| 7:50 | Thorium Melee Weapons |
| 8:52 | War Stomp |
| 9:15 | Grunt |
| 9:15 | Grunt |
| 9:16 | Grunt |
| 9:17 | Fortress |
| 9:27 | Orc Burrow |
| 9:51 | Beastiary |
| 10:32 | Troll Headhunter |
| 10:54 | Grunt |
| 10:55 | Grunt |
| 10:58 | Thorium Ranged Weapons |
| 12:56 | Burning Oil |
| 14:05 | Demolisher |
| 14:07 | Demolisher |
| 14:07 | Demolisher |
| 14:08 | Demolisher |
| 14:08 | Demolisher |
| 14:08 | Demolisher |
| 14:08 | Demolisher |
| 16:23 | Raider |
| 16:23 | Raider |
| 16:23 | Raider |
| 16:23 | Raider |
| 16:23 | Raider |
| 16:23 | Raider |
| 16:35 | Mirror Image |
| Right click | 196 |
| Select | 165 |
| Build/train/purchase | 64 |
| Use ability | 6 |
| Minimap ping | 3 |
| Misc. action | 1 |


| Healing Salve | 2 | 200 |
| total: | 2 | 200g |
| Peon | 17 | 1275 | / | 0 |
| Raider | 20 | 3600 | / | 800 |
| Shaman | 6 | 780 | / | 120 |
| Troll Witch Doctor | 7 | 1015 | / | 175 |
| Tauren | 3 | 840 | / | 240 |
| Gargoyle | 7 | 1225 | / | 210 |
| total: | 60 | 8735g | / | 1545w |
| Altar of Storms | 1 | 180 | / | 50 |
| Orc Burrow | 7 | 1120 | / | 280 |
| Voodoo Lounge | 1 | 130 | / | 30 |
| Great Hall | 1 | 385 | / | 185 |
| War Mill | 1 | 205 | / | 0 |
| Spirit Lodge | 2 | 300 | / | 300 |
| Beastiary | 2 | 290 | / | 280 |
| Tauren Totem | 2 | 270 | / | 310 |
| Stronghold | 1 | 315 | / | 190 |
| Fortress | 1 | 325 | / | 190 |
| total: | 17 | 2880g | / | 1435w |
| 0:29 | Peon |
| 0:29 | Peon |
| 0:29 | Peon |
| 0:29 | Peon |
| 0:42 | Altar of Storms |
| 0:48 | Orc Burrow |
| 1:02 | Peon |
| 1:02 | Peon |
| 1:39 | Peon |
| 1:39 | Peon |
| 2:17 | Stronghold |
| 2:42 | Wind Walk |
| 2:49 | Voodoo Lounge |
| 3:13 | Orc Burrow |
| 5:21 | Spirit Lodge |
| 5:24 | Spirit Lodge |
| 5:26 | Beastiary |
| 5:30 | Peon |
| 5:30 | Peon |
| 5:36 | Hex |
| 6:20 | Critical Strike |
| 6:37 | Raider |
| 6:37 | Raider |
| 6:38 | Beastiary |
| 6:53 | Peon |
| 6:53 | Peon |
| 7:05 | Great Hall |
| 7:08 | Healing Salve |
| 7:09 | Healing Salve |
| 7:17 | Raider |
| 7:17 | Raider |
| 7:24 | Peon |
| 7:24 | Peon |
| 7:51 | Raider |
| 7:57 | Orc Burrow |
| 8:22 | Orc Burrow |
| 8:43 | Fortress |
| 8:45 | Healing Wave |
| 8:58 | War Mill |
| 9:03 | Orc Burrow |
| 9:36 | Shaman Adept Training |
| 9:37 | Witch Doctor Adept Training |
| 9:40 | Orc Burrow |
| 10:17 | Peon |
| 10:17 | Peon |
| 10:18 | Peon |
| 10:29 | Raider |
| 10:29 | Raider |
| 10:29 | Raider |
| 10:30 | Raider |
| 10:35 | Raider |
| 11:18 | Steel Melee Weapons |
| 11:18 | Steel Armor |
| 11:20 | Raider |
| 11:20 | Raider |
| 11:22 | Shaman Master Training |
| 11:23 | Witch Doctor Master Training |
| 11:29 | Ensnare |
| 13:07 | Tauren Totem |
| 13:10 | Tauren Totem |
| 13:43 | Shaman |
| 13:44 | Shaman |
| 13:44 | Troll Witch Doctor |
| 13:44 | Troll Witch Doctor |
| 13:44 | Troll Witch Doctor |
| 13:50 | Thorium Melee Weapons |
| 14:31 | Raider |
| 14:31 | Raider |
| 14:32 | Raider |
| 14:32 | Raider |
| 14:33 | Tauren |
| 14:46 | Wind Walk |
| 15:02 | Shaman |
| 15:02 | Shaman |
| 15:02 | Troll Witch Doctor |
| 15:02 | Troll Witch Doctor |
| 16:15 | Hex |
| 16:45 | Gargoyle |
| 16:45 | Gargoyle |
| 16:45 | Gargoyle |
| 16:46 | Gargoyle |
| 16:46 | Gargoyle |
| 16:46 | Gargoyle |
| 16:46 | Gargoyle |
| 17:02 | Shaman |
| 17:02 | Shaman |
| 17:02 | Troll Witch Doctor |
| 17:02 | Troll Witch Doctor |
| 17:03 | Tauren |
| 17:03 | Tauren |
| 17:04 | Pulverize |
| 17:08 | Orc Burrow |
| 18:03 | Raider |
| 18:03 | Raider |
| 18:03 | Raider |
| 18:03 | Raider |
| Select | 290 |
| Right click | 189 |
| Select group | 116 |
| Build/train/purchase | 100 |
| Misc. action | 75 |
| Use ability | 37 |
| Assign group | 14 |
| Esc | 8 |
| Minimap ping | 5 |
| Item give/drop | 2 |
⇛